 Dungeon Crawl Stone Soup version 0.16-a0-3272-g378764d (webtiles) character file.

303 LogicNinja the Cutter (level 6, -1/28 HPs)
             Began as a Vine Stalker Enchanter on Dec 31, 2014.
             Killed from afar by an orc wizard (6 damage)
             ... with a magic dart
             ... on level 3 of the Dungeon.
             The game lasted 00:03:36 (2263 turns).

LogicNinja the Cutter (Vine Stalker Enchanter)      Turns: 2263, Time: 00:03:36

Health: -1/28      AC:  3    Str: 10    XL:     6   Next: 38%
Magic:  0/12       EV: 12    Int: 15    God:
Gold:   105        SH:  0    Dex: 17    Spells: 3 memorised, 3 levels left

rFire  . . .     SeeInvis .     a - +1 dagger
rCold  . . .     Clarity  .     b - +1 robe
rNeg   . . .     SustAb   .     (no shield)
rPois  .         Gourm    .     (no helmet)
rElec  .         Spirit   +     (no cloak)
rCorr  .         Warding  .     (no gloves)
rMut   .         Stasis   .     (no boots)
MR     .....                    (no amulet)
Stlth  +++.......               (no ring)
                                (no ring)

@: very slightly contaminated, not resistant to hostile enchantments, fairly
stealthy
A: fangs 2, regeneration 2, magic shield, antimagic bite, no device heal 3, rot
immunity
a: no special abilities


You were on level 3 of the Dungeon.
You were hungry.

You visited 1 branch of the dungeon, and saw 3 of its levels.

You collected 105 gold pieces.

Inventory:

Hand weapons
 a - a +1 dagger (weapon)
Missiles
 f - 8 curare-tipped needles
 i - 3 javelins of penetration (quivered)
Armour
 b - a +1 robe (worn)
Magical devices
 p - a wand of enslavement (19)
Scrolls
 e - 3 scrolls of identify
 g - 2 scrolls of teleportation {unknown}
 h - a scroll of noise {unknown}
 j - 3 scrolls of remove curse {unknown}
 k - 2 scrolls of fear {unknown}
 m - a scroll of amnesia {unknown}
 q - a scroll of enchant armour {unknown}
 t - a scroll of magic mapping {unknown}
Potions
 l - a potion of restore abilities
 n - 2 potions of curing
 o - a potion of haste {unknown}
 s - 2 potions of brilliance
Books
 c - a book of Maledictions

   Spells                             Type                      Level
   a - Corona                         Hexes                        1
   b - Sure Blade                     Hexes/Charms                 2
   c - Ensorcelled Hibernation        Hexes/Ice                    2
   d - Confuse                        Hexes                        3
   e - Dazzling Spray                 Conjuration/Hexes            3
   f - Enslavement                    Hexes                        4
Comestibles
 d - 4 bread rations


   Skills:
 * Level 5.7 Short Blades
 - Level 1.5 Dodging
 - Level 3.6 Stealth
 - Level 2.1 Spellcasting
 - Level 3.0 Hexes


You had 3 spell levels left.
You knew the following spells:

 Your Spells              Type           Power        Failure   Level  Hunger
a - Corona                Hex            ##.....      8%          1    #......
b - Ensorcelled Hibernat  Hex/Ice        #.....       17%         2    ###....
c - Confuse               Hex            ##......     21%         3    ###....


Dungeon Overview and Level Annotations

Branches:
Dungeon (3/15)

Altars:
Gozag
Zin


Innate Abilities, Weirdness & Mutations

You have extremely sharp teeth.
You heal very quickly.
When hurt, damage is shared between your health and your magic reserves.
Your bite disrupts and absorbs the magic of your enemies.
Potions and wands cannot restore your health.
You are immune to rotting.


Message History

An orc wizard appears from thin air!
Reactivating autopickup.
The hound bites you.
* * * LOW HITPOINT WARNING * * *
Casting: Ensorcelled Hibernation
Confirm with . or Enter, or press ? or * to list all spells.
You don't have enough magic to cast that spell.
Casting: Ensorcelled Hibernation
Confirm with . or Enter, or press ? or * to list all spells.
Aiming: Ensorcelled Hibernation
Press: ? - help, Shift-Dir - straight line, f/p - hound
Aim: a hound (heavily wounded, bleeding, chance 47%)
The hound looks drowsy...
You are feeling hungry.
The orc wizard gestures wildly while chanting.
The orc wizard flickers and vanishes!
Deactivating autopickup; reactivate with Ctrl-A.
Unknown command.
The magic dart hits you!
You die...

#.....# ##.##.###### ########
<#.##......# #......# #
##.#######.# #####......# #
##.......#.# ###..........# #
####..##.#.# ##...##.......####
.........#.#####.....#...........
#######..#..........♣##......####
..>.............@...♣ #.....##
#..####..............♣#.....#
#..# #.)..#####....._♣#......
#..###....#####......♣#.....##
#...................♣♣#......
#.####....#####...... #.....##
#.# #>...# #......# #####
#.........# #.....# ...##.....#
###


There were no monsters in sight!

Vanquished Creatures
  The ghost of jessie the Cutter, an average VSFi (D:3)
  Ijyb (D:2)
  2 adders (D:2)
  5 gnolls
  A worm (D:3)
  A giant mite (D:1)
  A giant gecko (D:2)
  2 orcs (D:3)
  6 bats
  A giant cockroach (D:1)
  6 goblins
  6 hobgoblins
  A quokka (D:2)
  2 giant newts (D:1)
  4 jackals (D:2)
  5 kobolds
  6 rats
51 creatures vanquished.

Notes
Turn   | Place    | Note
--------------------------------------------------------------
     0 | D:1      | LogicNinja, the Vine Stalker Enchanter, began the quest for the Orb.
     0 | D:1      | Reached XP level 1. HP: 9/9 MP: 3/3
    45 | D:1      | Reached skill level 1 in Short Blades
   260 | D:1      | Reached XP level 2. HP: 2/13 MP: 1/5
   437 | D:1      | Reached XP level 3. HP: 14/16 MP: 7/7
   891 | D:2      | Found an opulent altar of Gozag.
   891 | D:2      | Noticed Ijyb
   915 | D:2      | Killed Ijyb
   933 | D:2      | Learned a level 2 spell: Ensorcelled Hibernation
   937 | D:2      | Learned a level 3 spell: Confuse
  1045 | D:2      | Reached XP level 4. HP: 21/21 MP: 5/8
  1436 | D:2      | Reached skill level 4 in Short Blades
  1667 | D:2      | Reached XP level 5. HP: 24/24 MP: 11/11
  1914 | D:3      | Noticed jessie's ghost (average VSFi)
  1972 | D:3      | Killed jessie's ghost
  1972 | D:3      | Reached skill level 5 in Short Blades
  1972 | D:3      | Gained mutation: You heal very quickly. [vine stalker growth]
  1972 | D:3      | Reached XP level 6. HP: 14/28 MP: 6/12
  2189 | D:3      | Found a glowing silver altar of Zin.
  2263 | D:3      | Killed from afar by an orc wizard

Action                   |  1- 3 |  4- 6 || total
-------------------------+-------+-------++-------
Melee: Dagger            |   115 |   148 ||   263
 Cast: Ensorcelled Hiber |     1 |     8 ||     9
       Confuse           |       |     1 ||     1
       Corona            |       |     1 ||     1
  Use: Scroll            |       |     4 ||     4
       Potion            |       |     1 ||     1
 Stab: Sleeping          |     4 |     2 ||     6
       Confused          |       |     1 ||     1
       Invisible         |       |     3 ||     3
  Eat: Chunk             |       |     5 ||     5
